 Seeded DCSS version 0.28.0-62-gf88900778d (webtiles) character file.

Game seed: 13308717390018273966 (custom seed)

22 cbfl8 the Skirmisher (level 2, -1/27 HPs)
             Began as a Hill Orc Fighter on May 1, 2023.
             Slain by a gnoll
             ... wielding a +0 flail
              (8 damage)
             ... on level 1 of the Dungeon.
             The game lasted 00:00:14 (434 turns).

cbfl8 the Skirmisher (Hill Orc Fighter)              Turns: 434, Time: 00:00:15

Health: -1/27      AC:  6    Str: 18    XL:     2   Next: 91%
Magic:  2/2        EV:  9    Int:  8    God:
Gold:   20         SH:  4    Dex: 10    Spells: 1/1 levels left

rFire   . . .      SeeInvis .   a - +0 war axe
rCold   . . .      Faith    .   c - +0 buckler
rNeg    . . .      Spirit   .   b - +0 scale mail
rPois   .          Reflect  .   (no helmet)
rElec   .          Harm     .   (no cloak)
rCorr   .          Rampage  .   (no gloves)
Will    .....                   (no boots)
Stlth   ..........              (no amulet)
HPRegen 0.09/turn               (no ring)
MPRegen 0.08/turn               (no ring)

@: no status effects
A: no striking features
a: no special abilities


You were on level 1 of the Dungeon.
You visited 1 branch of the dungeon, and saw 1 of its levels.

You collected 20 gold pieces.

Inventory:

Hand Weapons
 a - a +0 war axe (weapon)
Armour
 b - a +0 scale mail (worn)
 c - a +0 buckler (worn)
Scrolls
 e - a scroll of blinking {unknown}
Potions
 d - a potion of might
 f - a potion of mutation {unknown}


   Skills:
 + Level 4.0 Fighting
 + Level 3.0 Axes
 + Level 3.6 Armour
 + Level 3.6 Shields


You had one spell level left.
You didn't know any spells.
Your spell library was empty.

Dungeon Overview and Level Annotations

Branches:
Dungeon (1/15)

Altars:


Message History

Unknown command.
You slash the ball python!
You kill the ball python!
You barely miss the endoplasm.
The endoplasm hits you but does no damage.
The ball python bites you but does no damage.
You block the ball python's attack. The ball python barely misses you.
The ball python grabs you. The ball python constricts you.
The endoplasm hits you but does no damage.
You hit the ball python.
You kill the ball python!
You barely miss the ball python. You barely miss the endoplasm.
The ball python barely misses you. You block the ball python's attack.
The endoplasm freezes you.
You are frozen.
The ball python bites you but does no damage.
The ball python grabs you. The ball python constricts you.
You barely miss the ball python. You hit the endoplasm.
You kill the endoplasm!
You block the ball python's attack. The ball python constricts you.
Unknown command.
You hit the ball python.
You kill the ball python!
You barely miss the gnoll. The gnoll barely misses you. x2
Unknown command.
You hit the gnoll.
The gnoll is lightly wounded.
The gnoll hits you with a +0 flail!
Unknown command.
You hit the gnoll.
The gnoll is lightly wounded.
The gnoll hits you with a +0 flail!
* * * LOW HITPOINT WARNING * * *
Unknown command.
You are too injured to fight recklessly!
You are too injured to fight recklessly!
You hit the gnoll.
The gnoll is moderately wounded.
The gnoll hits you with a +0 flail!
You die...

### ########### #.. #
.........# #.#
?.#.##.###.#.#### #.###
................# #.##.
....#†@##...##.####.##.
.....!g†##...##.........
..#..#.###..............
#. .. ###.#####.##### ..
... #.# #(# .# .... #.#
#)# #.#.. #.# #.# .....
#.# #.#


You could see a gnoll.

Vanquished Creatures
  4 ball pythons (D:1)
  5 bats (D:1)
  An endoplasm (D:1)
  A giant cockroach (D:1)
  2 goblins (D:1)
  3 hobgoblins (D:1)
  3 kobolds (D:1)
  2 rats (D:1)
21 creatures vanquished.

Notes
Turn   | Place    | Note
-------+----------+-------------------------------------------
     0 | D:1      | cbfl8 the Hill Orc Fighter began the quest for the Orb.
     0 | D:1      | Reached XP level 1. HP: 19/19 MP: 1/1
   140 | D:1      | Reached XP level 2. HP: 27/27 MP: 2/2
   426 | D:1      | Reached skill level 4 in Fighting
   434 | D:1      | Slain by a gnoll

Illustrated notes

Levels and vault maps discovered:
D:1:      dpeg_arrival_subterranean_lakeside_camping, layout_loops_ring,
          grunt_decor_clamped

Skill      XL: |  1  2 |
---------------+-------+-----
Axes           | 3 |  3.0
Fighting       | 4 |  4.0
Armour         | |  3.6
Shields        | |  3.6

Action                   || total
-------------------------++-------
Melee: War axe           ||    32
Armor: Scale mail        ||    21
Dodge: Dodged            ||    23
Block: Buckler           ||     9
